 Dungeon Crawl Stone Soup version 0.31-a0-217-g58bb5d79cf (webtiles) character file.

Game seed: 5127872580580326409

2170 Zonian the Magician (level 9, -6/41 (45) HPs)
             Began as a Deep Elf Conjurer on July 2, 2023.
             Was an Initiate of Ashenzari.
             Mangled by a wight
             ... wielding a +0 great sword
              (8 damage)
             ... on level 8 of the Dungeon.
             The game lasted 00:28:41 (14490 turns).

Zonian the Magician (Deep Elf Conjurer)            Turns: 14490, Time: 00:28:41

HP:   -6/41 (45)    AC:  4    Str:  4    XL:     9   Next: 11%
MP:   12/22         EV: 14    Int: 28    God:    Ashenzari [......]
Gold: 389           SH:  0    Dex: 13    Spells: 11/23 levels left

rFire   . . .        o - +1 dagger (freeze)
rCold   . . .        (no shield)
rNeg    . . .        a - +0 robe "Bound With Me" {Evo, Comp} (curse)
rPois   +            (no helmet)
rElec   .            i - +0 cloak
rCorr   .            (no gloves)
SInv    .            b - +0 pair of boots
Will    .....        (no amulet)
Stlth   +++          m - ring of poison resistance
HPRegen 0.26/turn    t - ring of wizardry
MPRegen 0.18/turn

%: wizardry (x1)
@: drained
A: no striking features
a: Renounce Religion, Shatter the Chains


You were on level 8 of the Dungeon.
You worshipped Ashenzari.
Ashenzari was noncommittal.
You visited 1 branch of the dungeon, and saw 8 of its levels.
You also visited: Ossuary.

You collected 389 gold pieces.

Inventory:

Hand Weapons
 d - a +0 short sword
 o - a +1 dagger of freezing (weapon)
 s - a +0 rapier
 J - a +0 rapier
Missiles
 p - 11 poisoned darts
 F - 3 boomerangs of dispersal
Armour
 a - the cursed +0 robe "Bound With Me" (worn) {Evo, Comp}

   It has a curse which improves the following skills: Evocations: Evocations.
   Companions: Summonings and Necromancy.
 b - a +0 pair of boots (worn)
 i - a +0 cloak (worn)
 N - a +1 pair of boots
Magical Staves
 B - a staff of earth
Jewellery
 m - a ring of poison resistance (left hand)
 t - a ring of wizardry (right hand)
 C - a ring of wizardry
 G - a ring of protection from fire
 L - a ring of willpower
 M - a ring of wizardry
Wands
 n - a wand of flame (57)
 w - a wand of charming (19)
 I - a wand of mindburst (20)
 K - a wand of polymorph (8)
Scrolls
 f - 3 scrolls of blinking
 l - 5 scrolls of teleportation
 r - 3 scrolls of identify
 u - 2 scrolls of vulnerability
 x - a scroll of torment {unknown}
 y - a scroll of enchant armour {unknown}
 E - a scroll of immolation
Potions
 c - a potion of degeneration
 e - 6 potions of curing
 g - a potion of ambrosia
 h - 3 potions of resistance
 j - a potion of lignification {unknown}
 k - 2 potions of might
 q - 2 potions of brilliance {unknown}
 v - a potion of magic
 z - 2 potions of haste {unknown}
 A - 2 potions of cancellation
 D - a potion of attraction {unknown}
 H - a potion of invisibility {unknown}


   Skills:
 + Level 5.8 Dodging
 - Level 6.0 Stealth
 + Level 7.8 Spellcasting
 + Level 7.5 Conjurations
 - Level 4.0 Hexes
 - Level 4.0 Translocations
 + Level 2.8 Air Magic
 + Level 3.1 Poison Magic


You had 11 spell levels left.
You knew the following spells:

 Your Spells              Type           Power      Damage    Failure   Level
a - Magic Dart            Conj           100%       1d8       1%          1
b - Searing Ray           Conj           100%       2d8       1%          2
c - Blink                 Tloc           66%        N/A       1%          2
d - Foxfire               Conj/Fire      100%       2x1d9     1%          1
e - Dazzling Flash        Conj/Hex       86%        N/A       1%          3
f - Mephitic Cloud        Conj/Pois/Air  36%        N/A       1%          3

Your spell library contained the following spells:

 Spells                   Type           Power      Damage    Failure   Level
 Beastly Appendage        Tmut           20%        N/A       1%          1
 Sting                    Tmut/Pois      76%        1d6       1%          1
 Lesser Beckoning         Tloc           66%        N/A       1%          2
 Momentum Strike          Conj/Tloc      86%        3d10      1%          2
 Poisonous Vapours        Pois/Air       54%        N/A       1%          2
 Gell's Gravitas          Tloc           33%        N/A       1%          3
 Portal Projectile        Hex/Tloc       66%        N/A       1%          3
 Teleport Other           Tloc           33%        N/A       1%          3
 Fulminant Prism          Conj/Hex       21%        3d12      1%          4
 Iskenderun's Mystic Bla  Conj/Tloc      43%        2d10      1%          4
 Call Imp                 Summ           22%        N/A       3%          2
 Wereblood                Tmut           10%        N/A       3%          2
 Spider Form              Tmut/Pois      19%        N/A       3%          3
 Call Canine Familiar     Summ           11%        N/A       6%          3
 Olgreb's Toxic Radiance  Pois           28%        N/A       6%          4
 Leda's Liquefaction      Hex/Erth       11%        N/A       9%          4
 Fireball                 Conj/Fire      16%        3d8       12%         5
 Starburst                Conj/Fire      16%        6d6       52%         6
 Plasma Beam              Fire/Air       9%         2x1d19    83%         6


Dungeon Overview and Level Annotations

Branches:
Dungeon (8/15)             Temple (0/1) D:7         Ossuary (visited)
   Lair: D:8-11

Altars:
Ashenzari
Dithmenos
Elyvilon
Fedhas
Gozag
Kikubaaqudgha
Makhleb
Wu Jian

Annotations:
D:2 1 runed translucent door, Crazy Yiuf


Message History

Unknown command.
Casting: Searing Ray (safe; 1% risk of failure)
Confirm with . or Enter, or press ? or * to list all spells.
Restarting spell: Searing Ray (safe; 1% risk of failure)
Press: ? - help, Shift-Dir - straight line, f/p - wight
Aim: a wight, wielding a +0 halberd and wearing a +0 robe (almost destroyed, 83% to hit)
The searing ray hits the wight but does no damage.
The wight is lightly damaged.
The searing ray hits the wight but does no damage.
The wight is almost destroyed. (Press . to maintain the ray.)
The wight barely misses you. x2
The searing ray hits the wight but does no damage.
The wight is lightly damaged.
The searing ray misses the wight.
The wight closely misses you. x2
Unknown command.
The searing ray hits the wight.
The wight is moderately damaged.
The searing ray hits the wight but does no damage.
The wight is almost destroyed.
The wight hits you from afar with a +0 halberd.
You feel drained. The wight closely misses you.
Unknown command.
The searing ray misses the wight.
The searing ray hits the wight.
You destroy the wight!
You finish channelling your searing ray.
The wight closely misses you.
Unknown command.
Casting: Searing Ray (safe; 1% risk of failure)
Confirm with . or Enter, or press ? or * to list all spells.
Aiming: Searing Ray (safe; 1% risk of failure)
Press: ? - help, Shift-Dir - straight line, f - wight
Aim: a wight, wielding a +0 great sword and wearing a +0 robe (moderately damaged, 83% to hit)
The searing ray hits the wight but does no damage.
The wight is moderately damaged. (Press . to maintain the ray.)
The wight hits you with a +0 great sword!
* * * LOW HITPOINT WARNING * * *
You feel drained.
You die...

..#....+..............
..#...##..##..##....#
####..#######'##....# .###..#
#..)#.....# ......+ #...'.....#
......# #...#.....# .###..#
########..#...... .###..###
#####..#.....#
........#....#..@...#.....#
........#....#.z....#.....#
........#....#.)##..#.....#
.#####+##....#..###+#.....# ##
'#...........#...#..#.....# .z#
.#...........+...#..#.....#...#
.#...........#...'.z......'...#
##...........#...#........#?...#
..#######....#..##...###### ####


You could see a wight.

Vanquished Creatures
  3 water moccasins
  2 sky beasts (D:7)
  A black bear (D:4)
  An ice beast (D:7)
  A centaur (D:6)
  A phantom (D:5)
  2 elf zombies (Ossuary)
  A bullfrog (D:7)
  A scorpion (D:7)
  2 wights
  A centaur zombie (Ossuary)
  2 hounds (D:4)
  6 jellies
  An orc priest (D:4)
  A gnoll bouda (D:7)
  4 iguanas
  A sleepcap (D:8)
  Ijyb (D:3)
  Natasha (thrice) (D:2)
  2 mummies (Ossuary)
  Robin (D:3)
  9 gnolls
  11 adders
  2 shadow imps
  3 white imps
  3 ufetubi (D:6)
  2 adder zombies (Ossuary)
  5 worms
  3 dart slugs
  4 orcs
  7 ball pythons
  2 endoplasms
  A giant cockroach (D:2)
  7 hobgoblins
  5 jackals
  7 kobolds
  2 quokkas
  8 bats
  2 frilled lizards
  16 goblins
  A goblin zombie (Ossuary)
  7 hobgoblin zombies (Ossuary)
  13 kobold zombies (Ossuary)
  8 orc zombies (Ossuary)
  8 rats
  3 rat zombies (Ossuary)
177 creatures vanquished.

Vanquished Creatures (others)
  A human (D:7)
  36 foxfires
37 creatures vanquished.

Grand Total: 214 creatures vanquished

Notes
Turn   | Place    | Note
-------+----------+-------------------------------------------
     0 | D:1      | Zonian the Deep Elf Conjurer began the quest for the Orb.
     0 | D:1      | Reached XP level 1. HP: 10/10 MP: 6/6
   349 | D:1      | Reached XP level 2. HP: 15/15 MP: 1/8
   549 | D:1      | Found a faded altar of an unknown god.
  1127 | D:2      | Reached XP level 3. HP: 18/19 MP: 5/10
  1130 | D:2      | Learned a level 2 spell: Searing Ray
  1288 | D:2      | Noticed Natasha
  1291 | D:2      | Killed Natasha
  1292 | D:2      | Reached XP level 4. HP: 24/24 MP: 5/11
  1523 | D:2      | Reached skill level 5 in Conjurations
  1560 | D:2      | Found a burning altar of Makhleb.
  1819 | D:2      | Noticed Natasha
  1823 | D:2      | Killed Natasha
  2059 | D:2      | Noticed Natasha
  2063 | D:2      | Killed Natasha
  2064 | D:2      | Reached XP level 5. HP: 23/28 MP: 9/14
  2101 | D:2      | Found a runed translucent door.
  2102 | D:2      | Noticed Crazy Yiuf
  2561 | D:2      | Learned a level 2 spell: Blink
  2891 | D:3      | Found a blossoming altar of Fedhas.
  2922 | D:3      | Reached skill level 5 in Spellcasting
  3088 | D:3      | Noticed Ijyb
  3097 | D:3      | Killed Ijyb
  3205 | D:3      | Reached skill level 1 in Translocations
  3346 | D:3      | Noticed Robin
  3352 | D:3      | Killed Robin
  3859 | D:3      | Reached XP level 6. HP: 31/32 MP: 11/16
  4405 | D:4      | You fall into a shaft and drop 3 floors!
  4430 | D:5      | Entered Level 5 of the Dungeon
  4520 | D:5      | Found a sand-covered staircase.
  4549 | Ossuary  | Entered an ossuary
  4820 | Ossuary  | Learned a level 1 spell: Foxfire
  4824 | Ossuary  | Learned a level 3 spell: Dazzling Flash
  5163 | Ossuary  | Reached skill level 1 in Hexes
  5790 | Ossuary  | Reached XP level 7. HP: 28/36 MP: 0/18
  7805 | D:4      | Learned a level 3 spell: Mephitic Cloud
  9398 | D:6      | Reached XP level 8. HP: 41/41 MP: 14/19
  9476 | D:6      | Found an opulent altar of Gozag.
  9476 | D:6      | Found an ornate altar of the Wu Jian Council.
  9562 | D:6      | Reached skill level 5 in Stealth
  9562 | D:6      | Reached skill level 1 in Air Magic
  9562 | D:6      | Reached skill level 1 in Poison Magic
 10818 | D:6      | Found a broken altar of Ashenzari.
 10827 | D:6      | Became a worshipper of Ashenzari the Shackled
 10949 | D:6      | Found a shadowy altar of Dithmenos.
 11540 | D:7      | Reached skill level 5 in Dodging
 12019 | D:7      | Found a staircase to the Ecumenical Temple.
 12413 | D:7      | Found a white marble altar of Elyvilon.
 13592 | D:7      | Reached XP level 9. HP: 20/45 MP: 17/22
 13950 | D:7      | Found an ancient bone altar of Kikubaaqudgha.
 14168 | D:7      | Found a burning altar of Makhleb.
 14490 | D:8      | HP: 2/43 [wight/+0 great sword (17)]
 14490 | D:8      | Mangled by a wight

Illustrated notes

Levels and vault maps discovered:
D:1:      denvon_arrival_planthouse, layout_loops_ring,
          ebering_ecumenical_altar_rust, chequers_serial_rivers_room_b
D:2:      minmay_diamond_boxcup, layout_basic, basic_altar,
          nicolae_figureground_sparkle, uniq_crazy_yiuf_cottage, uniq_natasha
D:3:      layout_basic, mainiacjoe_overflow_six_doors_small, corner_web_ring,
          uniq_robin, uniq_ijyb
D:4:      layout_basic, chequers_serial_rivers_small_a,
          minmay_misc_feat_more_columns
D:5:      layout_loops_corners, enter_ossuary_3, serial_bayou,
          serial_bayou_ford_a, serial_bayou_pond_d, serial_bayou_shore_a,
          serial_bayou_crossing, nicolae_underground_beach
D:6:      layout_basic, lemuel_coloured_pillars_altar, jmf_multi_god_temple,
          mainiacjoe_overflow_surrounded_room, serial_demonic, serial_demonic_b,
          serial_demonic_d, serial_demonic_e, serial_demonic_b,
          serial_demonic_e, serial_demonic_e, serial_demonic_b,
          serial_demonic_b, cheibrodos_sewer_entry_bend, minmay_strange_pillars,
          ebering_dispersal_statue_hall
D:7:      layout_basic, lemuel_round_altar, marbit_many_paths,
          tgw_kikubaaqudgha, minmay_temple_entry_glassed_door
D:8:      layout_gridville, lemuel_tele_altar

Skill      XL: |  1  2  3  4  5  6  7  8  9 |
---------------+----------------------------+-----
Dodging        | 3 4 5 |  5.8
Stealth        | 3 4 6 |  6.0
Spellcasting   | 4 5 6 7 |  7.8
Conjurations   | 5 6 7 |  7.5
Translocations | 1 2 3 4 |  4.0
Hexes          | 1 3 4 |  4.0
Air Magic      | 2 |  2.8
Poison Magic   | 2 3 |  3.1

Action                     |  1- 3 |  4- 6 |  7- 9 || total
---------------------------+-------+-------+-------++-------
  Melee: Short sword       |       |     2 |       ||     2
         Dagger            |       |   158 |    99 ||   257
         Punch             |       |     4 |     2 ||     6
   Cast: Magic Dart        |    64 |    91 |    25 ||   180
         Searing Ray       |       |    21 |    40 ||    61
         Foxfire           |       |    14 |     7 ||    21
         Blink             |       |     1 |     6 ||     7
 Invoke: Curse Item        |       |       |     1 ||     1
  Evoke: Wand              |       |       |     5 ||     5
    Use: Potion            |     1 |       |       ||     1
         Scroll            |       |     3 |    13 ||    16
   Stab: Sleeping          |       |     4 |     4 ||     8
 Armour: Robe              |     3 |    65 |    24 ||    92
  Dodge: Dodged            |     9 |   164 |   134 ||   307

Table legend: (Time is in decaauts)
 A = Elapsed time spent in this place.
 B = Non-inter-level travel time spent in this place.
 C = Inter-level travel time spent in this place.
 D = Time resting spent in this place.
 E = Time spent auto-exploring this place.
 F = Levels seen in this place.
 G = Mean time per level.
                   A        B        C        D        E       F      G
               +--------+--------+--------+--------+--------+-----+--------+
         Total |  14532 |  14246 |    286 |   6042 |   6077 |   9 | 1614.7 |
       Dungeon |  13006 |  12720 |    286 |   5029 |   6014 |   8 | 1625.8 |
       Ossuary |   1525 |   1525 |      0 |   1013 |     63 |   1 | 1525.0 |
               +--------+--------+--------+--------+--------+-----+--------+

Top non-repeatable levels by time:
     D:5: 2841 daAuts
     D:7: 2732 daAuts
     D:2: 1838 daAuts
     D:3: 1686 daAuts
     D:6: 1588 daAuts
 Ossuary: 1525 daAuts
     D:4: 1179 daAuts
     D:1: 859 daAuts
     D:8: 279 daAuts
